PR
TWINSBURG TIGERS @ LONG ISLAND DUCKS
05/13/2041
 
TOP OF THE 1ST
Twinsburg Tigers batting - Pitching for Long Island Ducks : RHP Jae-ho Kan
Pitching: RHP Jae-ho Kan
Batting: RHB Alex Kelley 0-0: Ball
1-0: Foul Ball, location: 2F
1-1: Ball
2-1: Foul Ball, location: 2F
2-2: Ball
3-2: Fly out, F3 (Popup, 3F, EV 81.2 MPH)
Batting: RHB Ramón Suzuarregui 0-0: Foul Ball, location: 2F
0-1: Ball
1-1: Foul Ball, location: 2F
1-2: Ball
2-2: Strikes out looking
Batting: LHB Octávio Obezo 0-0: Foul Ball, location: 2F
0-1: Ball
1-1: Fly out, F9 (Flyball, 9D, EV 108.1 MPH)
Top of the 1st over - 0 runs, 0 hits, 0 errors, 0 left on base; Twinsburg 0 - Long Island 0
BOTTOM OF THE 1ST
Long Island Ducks batting - Pitching for Twinsburg Tigers : RHP Tadao Ishihara
Pitching: RHP Tadao Ishihara
Batting: RHB Kyle Michaud 0-0: Foul Ball, location: 2F
0-1: Called Strike
0-2: Ball
1-2: Strikes out swinging
Batting: RHB Robert Green 0-0: Foul Ball, location: 2F
0-1: Called Strike
0-2: Ball
1-2: Ground out 5-3 (Groundball, 5, EV 108.1 MPH)
Batting: LHB Bilal Hussain 0-0: Swinging Strike
0-1: Ball
1-1: Foul Ball, location: 2F
1-2: Strikes out swinging
Bottom of the 1st over - 0 runs, 0 hits, 0 errors, 0 left on base; Twinsburg 0 - Long Island 0
TOP OF THE 2ND
Twinsburg Tigers batting - Pitching for Long Island Ducks : RHP Jae-ho Kan
Batting: RHB Alohinani Puanani 0-0: Called Strike
0-1: Ball
1-1: Ball
2-1: Ball
3-1: Foul Ball, location: 2F
3-2: Base on Balls
Batting: LHB Jorge Hernández 0-0: Called Strike
0-1: Swinging Strike
0-2: Strikes out swinging
Batting: RHB Brian Myers 0-0: Ball
1-0: Foul Ball, location: 2F
1-1: Foul Ball, location: 2F
1-2: Foul Ball, location: 2F
1-2: Hit by Pitch
Alohinani Puanani to second
Batting: LHB Ray Winters 0-0: Called Strike
0-1: Fly out, F7 (Flyball, 7LS, EV 88.8 MPH)
Batting: RHB Jacob Gray 0-0: Ball
1-0: Ball
2-0: Called Strike
2-1: Foul Ball, location: 2F
2-2: Foul Ball, location: 2F
2-2: Ball
3-2: Base on Balls
Alohinani Puanani to third
Brian Myers to second
Batting: RHB Ryan Buggins 0-0: Called Strike
0-1: Foul Ball, location: 2F
0-2: Ball
1-2: Foul Ball, location: 2F
1-2: Foul Ball, location: 2F
1-2: Strikes out swinging
Top of the 2nd over - 0 runs, 0 hits, 0 errors, 3 left on base; Twinsburg 0 - Long Island 0
BOTTOM OF THE 2ND
Long Island Ducks batting - Pitching for Twinsburg Tigers : RHP Tadao Ishihara
Batting: RHB Kenny Wright 0-0: Called Strike
0-1: Called Strike
0-2: Ball
1-2: Foul Ball, location: 2F
1-2: Foul Ball, location: 2F
1-2: Ground out 6-3 (Groundball, 6S, EV 88.1 MPH)
Batting: RHB Alfredo Torres 0-0: Ball
1-0: Called Strike
1-1: Ball
2-1: Called Strike
2-2: Foul Ball, location: 2F
2-2: Ball
3-2: Base on Balls
Batting: RHB George Samuels 0-0: Ball
1-0: Swinging Strike
1-1: Ball
2-1: Called Strike
2-2: Strikes out swinging
Batting: RHB Colm Partridge 0-0: Called Strike
0-1: Ball
Alfredo Torres is caught stealing 2nd base 2-4
Bottom of the 2nd over - 0 runs, 0 hits, 0 errors, 0 left on base; Twinsburg 0 - Long Island 0
TOP OF THE 3RD
Twinsburg Tigers batting - Pitching for Long Island Ducks : RHP Jae-ho Kan
Batting: RHB Alex Kelley 0-0: Called Strike
0-1: Called Strike
0-2: Ball
1-2: Strikes out swinging
Batting: RHB Ramón Suzuarregui 0-0: Fly out, F9 (Flyball, 89M, EV 85.0 MPH)
Batting: LHB Octávio Obezo 0-0: Called Strike
0-1: Ground out 4-3 (Groundball, 4, EV 83.8 MPH)
Top of the 3rd over - 0 runs, 0 hits, 0 errors, 0 left on base; Twinsburg 0 - Long Island 0
BOTTOM OF THE 3RD
Long Island Ducks batting - Pitching for Twinsburg Tigers : RHP Tadao Ishihara
Batting: RHB Colm Partridge 0-0: Called Strike
0-1: DOUBLE (Line Drive, 8RXD, EV 107.5 MPH)
Batting: RHB Al Ruíz 0-0: Foul Ball, location: 2F
0-1: Fly out, F9 (Flyball, 89S, EV 83.8 MPH)
Batting: RHB Tom Kelley 0-0: Foul Ball, location: 2F
0-1: Ball
1-1: Foul Ball, location: 2F
1-2: Ball
2-2: SINGLE (Groundball, 6, EV 90.0 MPH) (infield hit)
Colm Partridge to third
Batting: RHB Kyle Michaud 0-0: Called Strike
0-1: Ball
1-1: Foul Ball, location: 2F
1-2: Ball
2-2: Foul Ball, location: 2F
2-2: Ball
3-2: Foul Ball, location: 2F
3-2: Strikes out swinging
Batting: RHB Robert Green 0-0: Ball
1-0: Fielders Choice at 2nd, 5-4 (Groundball, 56, EV 99.4 MPH)
Bottom of the 3rd over - 0 runs, 2 hits, 0 errors, 2 left on base; Twinsburg 0 - Long Island 0
TOP OF THE 4TH
Twinsburg Tigers batting - Pitching for Long Island Ducks : RHP Jae-ho Kan
Batting: RHB Alohinani Puanani 0-0: Ball
1-0: Foul Ball, location: 2F
1-1: Swinging Strike
1-2: SINGLE (Groundball, 4D, EV 97.5 MPH)
Batting: LHB Jorge Hernández 0-0: Called Strike
0-1: Ball
1-1: Ball
2-1: Foul Ball, location: 2F
2-2: Strikes out swinging
Batting: RHB Brian Myers 0-0: Ball
1-0: Foul Ball, location: 2F
1-1: Foul Ball, location: 2F
1-2: Strikes out swinging
Batting: LHB Ray Winters 0-0: Ball
1-0: Foul Ball, location: 2F
1-1: Ball
2-1: DOUBLE (Flyball, 8LXD, EV 95.0 MPH)
Alohinani Puanani to third
Runner from 3rd tries for Home, SAFE, throw by CF to home
Batting: RHB Jacob Gray 0-0: Foul Ball, location: 2F
0-1: SINGLE (Groundball, 56D, EV 100.0 MPH)
Ray Winters to third
Runner from 3rd tries for Home, SAFE, throw by LF to home
Batting: RHB Ryan Buggins 0-0: Ball
1-0: Swinging Strike
1-1: Swinging Strike
1-2: Strikes out swinging
Top of the 4th over - 2 runs, 3 hits, 0 errors, 1 left on base; Twinsburg 2 - Long Island 0
BOTTOM OF THE 4TH
Long Island Ducks batting - Pitching for Twinsburg Tigers : RHP Tadao Ishihara
Batting: LHB Bilal Hussain 0-0: Ground out U3 (Groundball, 3L, EV 82.5 MPH)
Batting: RHB Kenny Wright 0-0: Called Strike
0-1: Ground out 4-3 (Groundball, 4, EV 88.8 MPH)
Batting: RHB Alfredo Torres 0-0: Fly out, F8 (Flyball, 89D, EV 91.2 MPH)
Bottom of the 4th over - 0 runs, 0 hits, 0 errors, 0 left on base; Twinsburg 2 - Long Island 0
TOP OF THE 5TH
Twinsburg Tigers batting - Pitching for Long Island Ducks : RHP Jae-ho Kan
Batting: RHB Alex Kelley 0-0: Called Strike
0-1: Fly out, F8 (Flyball, 8RM, EV 76.9 MPH)
Batting: RHB Ramón Suzuarregui 0-0: Ball
1-0: Foul Ball, location: 2F
1-1: Foul Ball, location: 2F
1-2: Strikes out swinging
Batting: LHB Octávio Obezo 0-0: Fly out, F9 (Flyball, 9S, EV 81.2 MPH)
Top of the 5th over - 0 runs, 0 hits, 0 errors, 0 left on base; Twinsburg 2 - Long Island 0
BOTTOM OF THE 5TH
Long Island Ducks batting - Pitching for Twinsburg Tigers : RHP Tadao Ishihara
Batting: RHB George Samuels 0-0: Foul Ball, location: 2F
0-1: Foul Ball, location: 2F
0-2: Ball
1-2: Foul Ball, location: 2F
1-2: Strikes out swinging
Batting: RHB Colm Partridge 0-0: Foul Ball, location: 2F
0-1: Ball
1-1: Swinging Strike
1-2: Strikes out swinging
Batting: RHB Al Ruíz 0-0: Called Strike
0-1: Called Strike
0-2: Strikes out swinging
Bottom of the 5th over - 0 runs, 0 hits, 0 errors, 0 left on base; Twinsburg 2 - Long Island 0
TOP OF THE 6TH
Twinsburg Tigers batting - Pitching for Long Island Ducks : RHP Jae-ho Kan
Batting: RHB Alohinani Puanani 0-0: Called Strike
0-1: Ball
1-1: Fly out, F9 (Flyball, 9, EV 97.5 MPH)
Batting: LHB Jorge Hernández 0-0: Called Strike
0-1: Ball
1-1: Foul Ball, location: 2F
1-2: Ball
2-2: Ground out 1-3 (Groundball, 13, EV 71.9 MPH)
Batting: RHB Brian Myers 0-0: Ball
1-0: Ball
2-0: Ball
3-0: Called Strike
3-1: Foul Ball, location: 2F
3-2: Foul Ball, location: 2F
3-2: Base on Balls
Batting: LHB Ray Winters 0-0: Ball
1-0: Ball
2-0: Called Strike
2-1: Called Strike
2-2: Ball
3-2: Strikes out swinging
Top of the 6th over - 0 runs, 0 hits, 0 errors, 1 left on base; Twinsburg 2 - Long Island 0
BOTTOM OF THE 6TH
Long Island Ducks batting - Pitching for Twinsburg Tigers : RHP Tadao Ishihara
Batting: RHB Tom Kelley 0-0: Foul Ball, location: 2F
0-1: Ball
1-1: SINGLE (Line Drive, 78M, EV 105.6 MPH)
Batting: RHB Kyle Michaud 0-0: Called Strike
0-1: Swinging Strike
0-2: Strikes out swinging
Batting: RHB Robert Green 0-0: Swinging Strike
0-1: Foul Ball, location: 2F
0-2: Ball
1-2: Foul Ball, location: 2F
1-2: Ball
2-2: Foul Ball, location: 2F
2-2: Ball
3-2: Strikes out swinging
Batting: LHB Bilal Hussain 0-0: Ground out 4-3 (Groundball, 4D, EV 83.8 MPH)
Bottom of the 6th over - 0 runs, 1 hit, 0 errors, 1 left on base; Twinsburg 2 - Long Island 0
TOP OF THE 7TH
Twinsburg Tigers batting - Pitching for Long Island Ducks : RHP Jae-ho Kan
Pitching: RHP Jerome Henderson
Batting: RHB Jacob Gray 0-0: Ball
1-0: Foul Ball, location: 2F
1-1: Foul Ball, location: 2F
1-2: Fly out, F7 (Flyball, 7D, EV 106.9 MPH)
Batting: RHB Ryan Buggins 0-0: Ball
1-0: Fly out, F7 (Flyball, 7LS, EV 84.4 MPH)
Batting: RHB Alex Kelley 0-0: Called Strike
0-1: Swinging Strike
0-2: Ball
1-2: Foul Ball, location: 2F
1-2: SINGLE (Line Drive, 8RS, EV 110.0 MPH)
Batting: RHB Ramón Suzuarregui 0-0: Ball
1-0: Ball
2-0: Ball
3-0: Base on Balls
Alex Kelley to second
Batting: LHB Octávio Obezo 0-0: Called Strike
0-1: Ball
1-1: Ball
2-1: Ball
3-1: Foul Ball, location: 2F
3-2: Base on Balls
Alex Kelley to third
Ramón Suzuarregui to second
Batting: RHB Alohinani Puanani 0-0: Ball
1-0: Ball
2-0: DOUBLE (Line Drive, 89D, EV 103.8 MPH)
Alex Kelley scores
Ramón Suzuarregui scores
Octávio Obezo to third
Runner from 3rd tries for Home, throw by CF and OUT! 8-4-2
Top of the 7th over - 2 runs, 2 hits, 0 errors, 1 left on base; Twinsburg 4 - Long Island 0
BOTTOM OF THE 7TH
Long Island Ducks batting - Pitching for Twinsburg Tigers : RHP Tadao Ishihara
Batting: RHB Kenny Wright 0-0: Called Strike
0-1: Ball
1-1: Foul Ball, location: 2F
1-2: Ground out 6-3 (Groundball, 6M, EV 103.1 MPH)
Batting: RHB Alfredo Torres 0-0: Ball
1-0: Foul Ball, location: 2F
1-1: Ball
2-1: Swinging Strike
2-2: Ground out 4-3 (Groundball, 4, EV 77.5 MPH)
Batting: RHB George Samuels 0-0: Ball
1-0: SINGLE (Line Drive, 34, EV 95.0 MPH)
Batting: RHB Colm Partridge 0-0: Called Strike
0-1: Ball
1-1: Ball
2-1: SINGLE (Line Drive, 6MD, EV 96.9 MPH)
George Samuels to second
Runner from 2nd tries for 3rd, SAFE, throw by CF made to third
Batting: RHB Al Ruíz 0-0: SINGLE (Groundball, 6, EV 103.8 MPH) (infield hit)
George Samuels scores
Colm Partridge to second
Batting: RHB Tom Kelley 0-0: Called Strike
0-1: DOUBLE (Line Drive, 89D, EV 111.2 MPH)
Colm Partridge scores
Al Ruíz to third
Runner from 3rd tries for Home, SAFE, no throw by RF
Pinch Hitting: RHB Ramón Semprún 0-0: Ball
1-0: Called Strike
1-1: Swinging Strike
1-2: Ball
2-2: Ball
3-2: Foul Ball, location: 2F
3-2: Foul Ball, location: 2F
3-2: Base on Balls
Pitching: RHP Pippino Maini
Batting: RHB Robert Green 0-0: Foul Ball, location: 2F
0-1: Foul Ball, location: 2F
0-2: Foul Ball, location: 2F
0-2: Ball
1-2: 3-RUN HOME RUN (Flyball, 7D, EV 105.0 MPH), Distance : 397 ft
Batting: LHB Bilal Hussain 0-0: Ball
1-0: Ball
2-0: Ball
3-0: Base on Balls
Batting: RHB Kenny Wright 0-0: Fly out, F4 (Popup, 4MD, EV 48.8 MPH)
Bottom of the 7th over - 6 runs, 5 hits, 0 errors, 1 left on base; Twinsburg 4 - Long Island 6
TOP OF THE 8TH
Twinsburg Tigers batting - Pitching for Long Island Ducks : RHP Jerome Henderson
Now at SS: Danny Stone
Batting: LHB Jorge Hernández 0-0: Ball
1-0: Ball
2-0: SINGLE (Line Drive, 5D, EV 94.4 MPH)
Batting: RHB Brian Myers 0-0: Swinging Strike
0-1: Ball
1-1: Swinging Strike
1-2: Strikes out swinging
Batting: LHB Ray Winters 0-0: Called Strike
0-1: Called Strike
0-2: Ball
1-2: Ball
2-2: Foul Ball, location: 2F
2-2: DOUBLE (Line Drive, 89D, EV 105.6 MPH)
Jorge Hernández to third
Pinch Hitting: LHB Bill Wilson 0-0: Ball
1-0: Ball
2-0: Ball
3-0: Called Strike
3-1: Base on Balls
Pinch Hitting: LHB Ole Geenen 0-0: GRAND SLAM HOME RUN (Flyball, 9D, EV 95.6 MPH), Distance : 371 ft
Pitching: RHP Francisco Vega
Batting: RHB Alex Kelley 0-0: Ball
1-0: Ground out 5-3 (Groundball, 56, EV 84.4 MPH)
Batting: RHB Ramón Suzuarregui 0-0: Called Strike
0-1: Foul Ball, location: 2F
0-2: Foul Ball, location: 2F
0-2: TRIPLE (Line Drive, 89XD, EV 110.0 MPH)
Batting: LHB Octávio Obezo 0-0: Ball
1-0: Called Strike
1-1: Called Strike
1-2: Foul Ball, location: 2F
1-2: Fly out, F8 (Line Drive, 8RD, EV 90.6 MPH)
Top of the 8th over - 4 runs, 4 hits, 0 errors, 1 left on base; Twinsburg 8 - Long Island 6
BOTTOM OF THE 8TH
Long Island Ducks batting - Pitching for Twinsburg Tigers : RHP Pippino Maini
Now at C: Christian Reynolds
Now in RF: António Martínez
Batting: RHB Alfredo Torres 0-0: Swinging Strike
0-1: Ball
1-1: Called Strike
1-2: Ball
2-2: Foul Ball, location: 2F
2-2: Ball
3-2: Strikes out swinging
Batting: RHB George Samuels 0-0: Called Strike
0-1: Foul Ball, location: 2F
0-2: Strikes out swinging
Batting: RHB Colm Partridge 0-0: Called Strike
0-1: Ball
1-1: Ball
2-1: Swinging Strike
2-2: Foul Ball, location: 2F
2-2: Foul Ball, location: 2F
2-2: Strikes out swinging
Bottom of the 8th over - 0 runs, 0 hits, 0 errors, 0 left on base; Twinsburg 8 - Long Island 6
TOP OF THE 9TH
Twinsburg Tigers batting - Pitching for Long Island Ducks : RHP Francisco Vega
Batting: RHB Alohinani Puanani 0-0: Ball
1-0: Swinging Strike
1-1: Ball
2-1: Called Strike
2-2: Foul Ball, location: 2F
2-2: Fly out, F7 (Flyball, 8LM, EV 96.9 MPH)
Batting: LHB Jorge Hernández 0-0: Called Strike
0-1: Ball
1-1: Foul Ball, location: 2F
1-2: Strikes out looking
Batting: RHB Brian Myers 0-0: Ball
1-0: Called Strike
1-1: SINGLE (Groundball, 6, EV 80.0 MPH) (infield hit)
Batting: LHB Ray Winters 0-0: Called Strike
0-1: Ball
1-1: Foul Ball, location: 2F
1-2: SINGLE (Line Drive, 4D, EV 105.0 MPH)
Brian Myers to second
Batting: RHB António Martínez 0-0: Called Strike
0-1: Ball
1-1: Foul Ball, location: 2F
1-2: Ball
2-2: Ball
3-2: Strikes out looking
Top of the 9th over - 0 runs, 2 hits, 0 errors, 2 left on base; Twinsburg 8 - Long Island 6
BOTTOM OF THE 9TH
Long Island Ducks batting - Pitching for Twinsburg Tigers : RHP Pippino Maini
Pitching: RHP Vicente Zanga
Batting: RHB Al Ruíz 0-0: Ball
1-0: Called Strike
1-1: Ball
2-1: SINGLE (Line Drive, 78S, EV 96.9 MPH)
Batting: RHB Tom Kelley 0-0: Foul Ball, location: 2F
0-1: Foul Ball, location: 2F
0-2: Ball
1-2: Fielders Choice at 2nd, 6-4 (Groundball, 6, EV 87.5 MPH)
Pinch Hitting: RHB Patrick Rivera 0-0: Ball
1-0: Ball
2-0: Swinging Strike
2-1: Swinging Strike
2-2: Foul Ball, location: 2F
2-2: Ball
3-2: Grounds into double play, 5-4-3 (Groundball, 5L, EV 91.9 MPH)
Bottom of the 9th over - 0 runs, 1 hit, 0 errors, 0 left on base; Twinsburg 8 - Long Island 6
Tuesday, January 5th, 2021 - OOTP Baseball 20.8 Build 74